 Dungeon Crawl Stone Soup version 0.29.1-13-g9f3cf754e1 (webtiles) character file.

Game seed: 4219793075363831892

202 Touch the Magician (level 6, -1/40 HPs)
             Began as a Djinni Fire Elementalist on Feb 3, 2023.
             Slain by a gnoll
             ... wielding a +0 flail
             ... led by a gnoll bouda
              (6 damage)
             ... on level 3 of the Dungeon.
             The game lasted 00:22:30 (4282 turns).

Touch the Magician (Djinni Fire Elementalist)       Turns: 4282, Time: 00:22:30

Health: -1/40      AC:  9    Str:  7    XL:     6   Next: 8%
Gold:   117        EV: 10    Int: 19    God:
                   SH:  0    Dex: 13

rFire   + + .      SeeInvis +   q - +1 short sword (elec)
rCold   x . .      Faith    .   (no shield)
rNeg    . . .      Spirit   .   b - +0 ring mail
rPois   ∞          Reflect  .   (no helmet)
rElec   .          Harm     .   (no cloak)
rCorr   .          Rampage  .   (no gloves)
Will    .....                   (boots unavailable)
Stlth   +.........              (no amulet)
HPRegen 0.13/turn               j - ring of see invisible
MPRegen 0.00/turn               o - +4 ring of protection

@: flying
A: sickness immunity, fire resistance 2, cold vulnerability 1, float, innate
caster, HP casting, extra vitality 1
a: no special abilities


You were on level 3 of the Dungeon.
You visited 1 branch of the dungeon, and saw 4 of its levels.

You collected 117 gold pieces.

Inventory:

Hand Weapons
 g - a +0 dagger of venom
 q - a +1 short sword of electrocution (weapon)
Armour
 b - a +0 ring mail (worn)
 d - a +0 leather armour
 f - a +0 scale mail
Jewellery
 j - a ring of see invisible (left hand)
 o - a +4 ring of protection (right hand)
 p - a ring of resist corrosion
Wands
 k - a wand of flame (15)
Scrolls
 a - a scroll of summoning {unknown}
 c - a scroll of poison {unknown}
 e - 2 scrolls of amnesia {unknown}
 i - 2 scrolls of vulnerability {unknown}
 l - a scroll of fear {unknown}
 m - a scroll of enchant armour {unknown}
 n - a scroll of identify {unknown}
 r - a scroll of teleportation {unknown}
Potions
 h - 3 potions of curing {unknown}


   Skills:
 + Level 2.0 Armour
 + Level 2.4 Dodging
 + Level 2.0 Stealth
 + Level 4.3 Spellcasting


You couldn't memorise any spells.
You knew the following spells:

 Your Spells              Type           Power      Damage    Failure   Level
a - Foxfire               Conj/Fire      80%        2x1d8     8%          1
b - Scorch                Fire           40%        2d7       12%         2
c - Conjure Flame         Conj/Fire      20%        6-21      22%         3
d - Inner Flame           Hex/Fire       20%        N/A       22%         3
e - Flame Wave            Conj/Fire      20%        2d7       58%         4
f - Magic Dart            Conj           80%        1d7       8%          1
g - Call Imp              Summ           20%        N/A       12%         2
Your spell library was empty.

Dungeon Overview and Level Annotations

Branches:
Dungeon (4/15)
 Temple: D:4-7

Altars:
Fedhas
Hepliaklqana
Nemelex Xobeh
Trog
Wu Jian

Annotations:
D:3 exclusion: oklob plant


Innate Abilities, Weirdness & Mutations

You are immune to sickness and miasma.
You are immune to poison.
Your flesh is very heat resistant. (rF++)
You are vulnerable to cold. (rC-)
You float through the air rather than walking.
You learn spells naturally, not from books.
Your magical power is your life essence.
You have superior vitality. (+4 MHP)


Message History

A gnoll comes into view. It is wielding a +0 club.
The gnoll bouda barks out a call to the hunt!
The gnolls pick up the pace!
You struggle against the net.
The gnoll hits you from afar with a +0 halberd!
You struggle against the net.
The gnoll hits you from afar with a +0 halberd!
The gnoll bouda gazes fiercely through you!
You feel as though you will be weak longer.
The gnoll barely misses you.
You rip the net and break free!
The gnoll hits you but does no damage. The gnoll hits you with a +0 flail.
The gnoll attacks as you move away! The gnoll hits you but does no damage.
The gnoll hits you with a +0 flail. The gnoll barely misses you.
The gnoll attacks as you move away! The gnoll hits you but does no damage.
The gnoll hits you with a +0 flail.
* * * LOW HITPOINT WARNING * * *
The gnoll attacks as you move away! The gnoll barely misses you.
Your magical contamination has completely faded away.
Your attacks no longer feel as feeble.
The gnoll closely misses you.
The gnoll is no longer moving quickly.
The gnoll closely misses you.
There is a stone staircase leading up here.
The gnoll is no longer moving quickly. x2; The gnoll closely misses you.
The gnoll hits you from afar with a +0 spear!
* * * LOW HITPOINT WARNING * * *
You fly upwards.
Level annotation: exclusion: oklob plant
There is a stone staircase leading down here.
Casting: Scorch (safe; 12% risk of failure)
Press: ? - help, Q - select action, (/) - cycle Dir - look around, f - activate You can't see that place. [the floor.] Flames lash the gnoll.
The gnoll is almost dead.
The gnoll's fire resistance burns away.
* * * LOW HITPOINT WARNING * * *
The gnoll hits you with a +0 flail.
You die...

####################
#..................#
#.########...#####.#
#.##.......#.# #.#
#.##.#####...#####.#
#.##.# #.........#
##.##@#####..######.#
#....g....#..# #..#
#.##......#..#####..##
#.##......#...........
#######
#.##........######....
#.....###.#.......###
#.###
##'###.............#
#.#
##...########...#.###
#.# ##.....##
##.##.##########.#


You could see a gnoll (combustible).

Vanquished Creatures
  A kobold brigand (D:3)
  An orc wizard (D:3)
  2 adders (D:2)
  5 worms
  A dart slug (D:1)
  5 orcs (D:3)
  4 bats
  4 endoplasms
  A giant cockroach (D:1)
  5 goblins
  5 hobgoblins
  9 jackals
  2 kobolds
  4 quokkas
  5 ball pythons
  4 frilled lizards
  10 rats
68 creatures vanquished.

Vanquished Creatures (others)
  A wizard (D:3)
  152 foxfires
  14 toadstools (D:3)
167 creatures vanquished.

Grand Total: 235 creatures vanquished

Notes
Turn   | Place    | Note
-------+----------+-------------------------------------------
     0 | D:1      | Touch the Djinni Fire Elementalist began the quest for the
                  | Orb.
     0 | D:1      | Touch set off with the following spells memorised: Foxfire,
                  | Scorch, Conjure Flame, Inner Flame, Flame Wave.
     0 | D:1      | Reached XP level 1. HP: 15/15 MP: 0/0
   277 | D:1      | Reached XP level 2. HP: 20/21 MP: 0/0
   576 | D:1      | Reached skill level 3 in Spellcasting
   601 | D:1      | Reached XP level 3. HP: 19/25 MP: 0/0
   601 | D:1      | Learned a level 1 spell: Magic Dart
  1254 | D:2      | HP: 1/25 [worm (7)]
  1739 | D:2      | Reached XP level 4. HP: 25/31 MP: 0/0
  2166 | D:2      | Found an ornate altar of the Wu Jian Council.
  2274 | D:3      | Reached skill level 1 in Armour
  2274 | D:3      | Reached XP level 5. HP: 12/35 MP: 0/0
  2274 | D:3      | Learned a level 2 spell: Call Imp
  2537 | D:3      | Found a sparkling altar of Nemelex Xobeh.
  3131 | D:3      | Found a blossoming altar of Fedhas.
  3147 | D:3      | Noticed an oklob plant
  3660 | D:3      | Found a bloodstained altar of Trog.
  3662 | D:3      | Noticed a wizard
  3666 | D:3      | Killed a wizard
  3750 | D:3      | Found a faded altar of an unknown god.
  3750 | D:3      | Noticed a kobold brigand
  3778 | D:3      | Killed a kobold brigand
  3779 | D:3      | Reached skill level 4 in Spellcasting
  3779 | D:3      | Reached XP level 6. HP: 17/40 MP: 0/0
  3785 | D:3      | Found a hazy altar of Hepliaklqana.
  4282 | D:3      | Slain by a gnoll

Illustrated notes

Levels and vault maps discovered:
D:1:      minmay_arrival_open_corners, layout_basic
D:2:      layout_rooms, basic_altar
D:3:      layout_loops_ring, nemelex_diamond_rough_becter, tgw_fedhas,
          beargit_hepliaklqana_dungeon_heroes, trog_wizard,
          gup_sewer_entry_spiral, dk_noncrumbling_3
D:4:      layout_basic, hangedman_decor_opposing

Skill      XL: |  1  2  3  4  5 |
---------------+----------------+-----
Spellcasting   | 3 4 |  4.3
Armour         | 1 2 |  2.0
Stealth        | 2 |  2.0
Dodging        | |  2.4

Action                   |  1- 3 |  4- 6 || total
-------------------------+-------+-------++-------
Melee: Unarmed           |     2 |       ||     2
       Dagger            |     6 |       ||     6
       Short sword       |       |    11 ||    11
 Cast: Foxfire           |    71 |    26 ||    97
       Scorch            |       |    35 ||    35
       Conjure Flame     |       |     1 ||     1
Armor: Ring mail         |       |    13 ||    13
Dodge: Dodged            |     4 |    10 ||    14
